 Dungeon Crawl Stone Soup version 0.29.1-12-g30fa7ad0bf (webtiles) character file.

Game seed: 1160409254898726637

21289 Gabide the Fighter (level 13, -3/107 (114) HPs)
             Began as a Formicid Berserker on Dec 18, 2022.
             Was an Elder of Trog.
             Killed from afar by Cato's ghost (18 damage)
             ... with a lance of force
             ... on level 2 of the Lair of Beasts.
             The game lasted 00:27:40 (16103 turns).

Gabide the Fighter (Formicid Berserker)            Turns: 16103, Time: 00:27:40

HP:   -3/107 (114)  AC:  7    Str: 27    XL:     13   Next: 18%
MP:   4/4           EV: 15    Int:  7    God:    Trog [****..]
Gold: 887           SH:  5    Dex: 13    Spells: 12/12 levels left

rFire   x . .      SeeInvis +   u - +8 giant spiked club (antimagic)
rCold   + . .      Faith    .   (shield currently unavailable)
rNeg    + . .      Spirit   .   y - +0 troll leather armour
rPois   .          Reflect  +   (helmet unavailable)
rElec   .          Harm     .   R - +0 cloak
rCorr   .          Rampage  .   v - +0 pair of gloves
Will    +++..                   D - +0 pair of boots
Stlth   +.........              s - amulet of reflection
HPRegen 2.07/turn               E - ring of ice
MPRegen 0.09/turn               p - ring of positive energy

@: strong-willed, regenerating, drained
A: permanent stasis, dig shafts and tunnels, antennae 3, four strong arms
a: Dig, Shaft Self, Renounce Religion, Trog's Hand, Brothers in Arms


You were on level 2 of the Lair of Beasts.
You worshipped Trog.
Trog was greatly pleased with you.
You visited 2 branches of the dungeon, and saw 12 of its levels.
You also visited: Sewer, Ossuary and Ice Cave.

You collected 1099 gold pieces.
You spent 212 gold pieces at shops.

Inventory:

Hand Weapons
 b - the +6 mace of the Puffin {vorpal, rN+ Str-2 Int+2 Stlth+}
   (You found it on level 10 of the Dungeon)

   It inflicts extra damage upon your enemies.
   Str:       It affects your strength (-2).
   Int:       It affects your intelligence (+2).
   rN:        It protects you from negative energy.
   Stlth:     It makes you more stealthy.
 u - a +8 antimagic giant spiked club (weapon)
Missiles
 F - 12 boomerangs (quivered)
 O - 5 curare-tipped darts
Armour
 v - a +0 pair of gloves (worn)
 y - a +0 troll leather armour (worn)
 D - a +0 pair of boots (worn)
 P - +0 steam dragon scales
 R - a +0 cloak (worn)
Jewellery
 n - a ring of ice
 p - a ring of positive energy (right hand)
 s - an amulet of reflection (around neck)
 B - a ring of flight
 E - a ring of ice (left hand)
Wands
 e - a wand of mindburst (3)
 f - a wand of digging (5)
 t - a wand of flame (24)
 G - a wand of polymorph (10)
 N - a wand of charming (10)
Scrolls
 k - a scroll of acquirement {unknown}
 r - 4 scrolls of fog
 w - 2 scrolls of vulnerability
 x - a scroll of summoning {unknown}
 z - a scroll of silence {unknown}
 L - 2 scrolls of brand weapon {unknown}
 Q - a scroll of torment {unknown}
Potions
 c - 6 potions of flight
 d - 3 potions of mutation
 g - 2 potions of attraction
 h - a potion of brilliance {unknown}
 i - 2 potions of resistance
 m - 2 potions of berserk rage {unknown}
 o - a potion of curing
 q - 5 potions of lignification
 A - a potion of ambrosia {unknown}
 C - a potion of invisibility
 I - 2 potions of cancellation
 J - a potion of magic {unknown}
 K - 2 potions of might


   Skills:
 * Level 14.8 Fighting
 * Level 13.6 Maces & Flails
 - Level 2.1 Armour
 + Level 9.0 Dodging


You had 12 spell levels left.
You didn't know any spells.
Your spell library was empty.

Dungeon Overview and Level Annotations

Branches:
Dungeon (10/15)            Temple (0/1) D:7            Lair (2/5) D:10
    Orc (0/2) D:10          Sewer (visited)         Ossuary (visited)
  IceCv (visited)
  Swamp: Lair:2-3    Shoals: Lair:2-3     Snake: Lair:2-3    Spider: Lair:2-3

Altars:
Ashenzari
Elyvilon
Fedhas
Gozag
Hepliaklqana
Makhleb
Nemelex Xobeh
Qazlal
Trog
Uskayaw
Wu Jian
Yredelemnul

Shops:
D:3 (   D:7 (   D:9 (   D:10 (

Annotations:
Lair:2 Cato's ghost, journeyman DECj


Innate Abilities, Weirdness & Mutations

You cannot be hasted, slowed, berserked, paralysed or teleported.
You can dig through walls and to a lower floor.
You have a pair of large antennae on your head. (SInv)
Your four strong arms can wield two-handed weapons with a shield.


Message History

The floor, spattered with blood.
Unknown command.
Okay, then.
Unknown command.
Press: ? - help, v - describe, . - travel
Here: a spectral boulder beetle The floor.
Unknown command.
Your ogre goes berserk!
Trog will no longer gift you weapons. The spectral boulder beetle misses you.
The spectral boulder beetle attacks as you move away!
You block the spectral boulder beetle's attack.
The spectral boulder beetle attacks as you move away!
The spectral boulder beetle bites you!
* * * LOW HITPOINT WARNING * * *
Your ogre hits the spectral boulder beetle but does no damage.
Okay, then.
Unknown command.
Unknown command.
Unknown command.
Your skin crawls.
You feel strong-willed.
Your ogre hits the cane toad simulacrum with a +0 giant club!!
Something bites your ogre!
The cane toad simulacrum hits your ogre.
The cane toad simulacrum freezes your ogre!
The spectral death yak gores your ogre!!
Your ogre dies!
Your ogre's corpse disappears in a puff of smoke!
Okay, then.
Unknown command.
Unknown command.
Press: ? - help, v - describe, . - travel
Here: Cato's ghost, wielding a weapon of electrocution (severely damaged, magic disrupted)
The floor.
You feel better. Cato's ghost casts a spell at you.
The lance of force hits you!!
You die...

####.#.#........##.P#.#.#..##...#
...............................>.
.................................
.......................|.........
.................................
.................................
.................................
.................................
................@................
#..##P####.P..P#.#W§.......##.P##
####### #########ZZZ......######
#.#.#.####.Z.......#
#.....#Z.{........##
##?...'ZZ#........##
#.:...'............#
##?...'...........###
#.....#.............#


You could see a spectral death yak, Cato's ghost (magic disrupted), a death yak
simulacrum and a cane toad simulacrum.

Vanquished Creatures
  A white draconian (IceCv)
  A boulder beetle (Lair:2)
  A catoblepas (Lair:1)
  3 death yaks (Lair:2)
  Sonja (D:10)
  2 ice statues (IceCv)
  4 gargoyles (D:8)
  3 cane toads
  Maggie (D:10)
  3 rime drakes (IceCv)
  A komodo dragon (Lair:2)
  2 trolls (D:9)
  2 polar bears
  4 blink frogs (Lair:2)
  2 hornets
  Grinder (Sewer)
  2 wyverns
  A vampire (D:9)
  A wraith (Ossuary)
  16 yaks
  A steam dragon (D:9)
  12 water moccasins
  3 black bears
  An ice beast (D:7)
  4 orc warriors
  A sky beast (D:8)
  4 wolves (Lair:2)
  An ogre (D:5)
  A centaur (D:10)
  2 phantoms
  4 kobold brigands
  An elf zombie (Ossuary)
  A gnoll sergeant (D:6)
  4 bullfrogs
  4 necrophages
  2 scorpions
  8 wights
  4 killer bees (D:9)
  4 lindwurm simulacra (IceCv)
  4 howler monkeys
  A human zombie (Ossuary)
  6 komodo dragon simulacra (IceCv)
  2 orc priests
  A jelly (D:4)
  A hound (D:6)
  12 orc wizards
  7 iguanas
  2 wolf simulacra (Lair:2)
  A hound skeleton (D:6)
  3 mummies (Ossuary)
  16 gnolls
  4 acid dragon simulacra (IceCv)
  8 adders
  A river rat (D:6)
  4 shadow imps
  3 white imps
  8 ufetubi
  7 steam dragon simulacra (IceCv)
  3 dart slugs
  28 orcs
  13 ball pythons
  A bat zombie (Sewer)
  7 endoplasms
  8 giant cockroaches
  6 goblins
  7 hobgoblins
  4 jackals
  A quokka (D:4)
  6 bats
  2 frilled lizards
  2 giant cockroach zombies (Sewer)
  A goblin zombie (Ossuary)
  3 hobgoblin zombies (Ossuary)
  40 kobolds
  4 rats
341 creatures vanquished.

Vanquished Creatures (collateral kills)
  2 death yaks (Lair:2)
  Urug (D:10)
  A gnoll sergeant (D:10)
  An orc priest (D:10)
  2 gnolls (D:10)
  7 orcs (D:10)
14 creatures vanquished.

Vanquished Creatures (others)
  A rime drake (IceCv)
  A ball python (D:2)
  7 fungi (D:7)
  16 plants
25 creatures vanquished.

Grand Total: 380 creatures vanquished

Notes
Turn   | Place    | Note
-------+----------+-------------------------------------------
     0 | D:1      | Gabide the Formicid Berserker began the quest for the Orb.
     0 | D:1      | Reached XP level 1. HP: 18/18 MP: 1/1
   207 | D:1      | Reached XP level 2. HP: 24/24 MP: 2/2
   514 | D:1      | Reached XP level 3. HP: 30/30 MP: 3/3
   576 | D:1      | Found a faded altar of an unknown god.
  1192 | D:2      | Reached skill level 4 in Fighting
  1316 | D:2      | Reached XP level 4. HP: 37/37 MP: 4/4
  1337 | D:2      | Reached ** piety under Trog
  1931 | D:3      | Found Ozosh's Weapon Emporium.
  2296 | D:3      | Reached XP level 5. HP: 31/43 MP: 5/5
  3342 | D:4      | Found an ornate altar of the Wu Jian Council.
  3416 | D:4      | Found a stormy altar of Qazlal.
  3685 | D:4      | Reached XP level 6. HP: 35/50 MP: 6/6
  3688 | D:4      | Reached skill level 5 in Fighting
  4153 | D:3      | Bought a +1 great mace of protection for 162 gold pieces
  4190 | D:5      | Entered Level 5 of the Dungeon
  4245 | D:5      | Noticed a black bear
  4256 | D:5      | Killed a black bear
  4285 | D:5      | Reached skill level 5 in Maces & Flails
  4285 | D:5      | Reached XP level 7. HP: 56/56 MP: 7/7
  4999 | D:5      | Noticed a water moccasin
  5007 | D:5      | Killed a water moccasin
  5008 | D:5      | Reached skill level 6 in Fighting
  5101 | D:5      | Reached XP level 8. HP: 55/65 MP: 8/8
  5226 | D:5      | Found a broken altar of Ashenzari.
  5814 | D:6      | Reached skill level 7 in Fighting
  6033 | D:6      | Found a burning altar of Makhleb.
  6035 | D:6      | Reached *** piety under Trog
  6115 | D:6      | Found a glowing drain.
  6128 | Sewer    | Entered a sewer
  6353 | Sewer    | Reached XP level 9. HP: 74/74 MP: 9/9
  6363 | Sewer    | Found an ancient bone altar of Kikubaaqudgha.
  6390 | Sewer    | Reached skill level 8 in Fighting
  6454 | Sewer    | Noticed Grinder
  6566 | Sewer    | Killed Grinder
  6820 | D:6      | Found a hazy altar of Hepliaklqana.
  6884 | D:6      | Reached skill level 5 in Dodging
  7668 | D:7      | Found a blossoming altar of Fedhas.
  7800 | D:7      | Reached skill level 9 in Fighting
  7813 | D:7      | Reached **** piety under Trog
  8271 | D:7      | Found Yloucuiss's Weapon Boutique.
  8292 | D:7      | Found a staircase to the Ecumenical Temple.
  8414 | D:7      | Found a basalt altar of Yredelemnul.
  8416 | D:7      | Found a hide-covered altar of Uskayaw.
  8419 | D:7      | Found a sparkling altar of Nemelex Xobeh.
  8888 | D:8      | Noticed a gargoyle
  8897 | D:8      | Killed a gargoyle
  8898 | D:8      | Reached XP level 10. HP: 43/85 MP: 10/10
  9038 | D:8      | Reached skill level 10 in Fighting
  9088 | D:8      | Found a sand-covered staircase.
  9094 | Ossuary  | Entered an ossuary
  9694 | D:8      | Noticed a gargoyle
  9697 | D:8      | Killed a gargoyle
  9867 | D:8      | Noticed a gargoyle
  9874 | D:8      | Killed a gargoyle
 10165 | D:8      | Noticed a gargoyle
 10169 | D:8      | Killed a gargoyle
 10170 | D:8      | Reached skill level 10 in Maces & Flails
 10437 | D:8      | Reached skill level 11 in Fighting
 10631 | D:8      | Found a white marble altar of Elyvilon.
 10994 | D:9      | Found Kudayp's Weapon Boutique.
 11000 | D:9      | Bought 6 curare-tipped darts for 50 gold pieces
 11194 | D:9      | Reached XP level 11. HP: 69/93 MP: 11/11
 11418 | D:9      | Found an opulent altar of Gozag.
 12817 | D:10     | Entered Level 10 of the Dungeon
 12817 | D:10     | Found Jeahosche's Weapon Shop.
 12834 | D:10     | Reached skill level 12 in Fighting
 13070 | D:10     | Found a staircase to the Lair.
 13131 | D:10     | Found a bloodstained altar of Trog.
 13131 | D:10     | Noticed Maggie
 13140 | D:10     | Killed Maggie
 13228 | D:10     | Identified the +6 mace of the Puffin {vorpal, rN+ Str-2
                  | Int+2 Stlth+}
 13327 | D:10     | Noticed Sonja
 13348 | D:10     | Killed Sonja
 13482 | D:10     | Reached ***** piety under Trog
 13483 | D:10     | Noticed Urug
 13504 | D:10     | Found a staircase to the Orcish Mines.
 13536 | D:10     | Killed Urug
 13694 | Lair:1   | Entered Level 1 of the Lair of Beasts
 13779 | Lair:1   | Reached XP level 12. HP: 57/103 MP: 12/12
 13907 | Lair:1   | Noticed a catoblepas
 13909 | Lair:1   | Reached skill level 13 in Fighting
 13920 | Lair:1   | Killed a catoblepas
 14704 | Lair:2   | Noticed a boulder beetle
 14717 | Lair:2   | Killed a boulder beetle
 14803 | Lair:2   | Found a runed translucent gate.
 14804 | Lair:2   | Found a runed translucent gate.
 14804 | Lair:2   | Found a runed translucent gate.
 14835 | Lair:2   | Found a frozen archway.
 14848 | IceCv    | Entered an ice cave
 15072 | IceCv    | Noticed a white draconian
 15085 | IceCv    | Killed a white draconian
 15106 | IceCv    | Received a gift from Trog
 15271 | IceCv    | Reached skill level 14 in Fighting
 15659 | Lair:2   | Noticed a death yak
 15661 | Lair:2   | Noticed a death yak
 15706 | Lair:2   | Noticed a death yak
 15706 | Lair:2   | Noticed a death yak
 15707 | Lair:2   | Killed a death yak
 15708 | Lair:2   | Noticed a death yak
 15715 | Lair:2   | Killed a death yak
 15716 | Lair:2   | Reached XP level 13. HP: 60/114 MP: 4/13
 15720 | Lair:2   | HP: 3/114 [death yak (23)]
 15987 | Lair:2   | Noticed Cato's ghost (journeyman DECj)
 16101 | Lair:2   | HP: 1/107 [spectral boulder beetle (16)]
 16103 | Lair:2   | Killed from afar by Cato's ghost

Illustrated notes

Levels and vault maps discovered:
D:1:      saegor_arrival_simple_d, layout_basic,
          chequers_ecumenical_altar_twisty, minmay_worlds_worst_comb
D:2:      layout_rooms
D:3:      layout_loops_corners, serial_shops, nicolae_shop_advertising_works
          [nicolae_subvault_shop_adworks]
D:4:      layout_loops_cross, mainiacjoe_overflow_alcove_2,
          nzn_wu_jian_contemplation, minmay_misc_feat_encased
D:5:      layout_loops_ring, lemuel_round_altar, nicolae_sextant
D:6:      layout_loops_corners, nicolae_hepliaklqana_hazy_memory,
          makhleb_blood_cavern_becter, portal_sewer_entry_c,
          dreamdust_princess_bridge
D:7:      layout_rooms, fedhas_altar_3, grunt_temple_overflow_open,
          temple_doors_e, serial_shops, nicolae_stop_n_shop_1,
          nicolae_concentric_dashed_squares_wild
D:8:      cheibrodos_statue_roulette, layout_basic, elyvilon_altar_5,
          enter_ossuary_1
D:9:      kennysheep_spiral_hall, layout_basic, mainiacjoe_overflow_catwalk,
          serial_shops, nicolae_shop_temple_entry_statues_fountains,
          kennysheep_another_room
D:10:     layout_cross, trog_hazing_becter, minmay_lair_entry_grove,
          david_orc_5, serial_shops, nicolae_shop_trees, uniq_sonja,
          uniq_maggie, uniq_urug
Lair:1:   layout_gridlike, lemuel_fruit_tree
Lair:2:   layout_big_grid, gammafunk_ghost_necromancy,
          portal_ice_cave_entry_ice_simulacra

Skill      XL: |  1  2  3  4  5  6  7  8  9 10 11 12 13 |
---------------+----------------------------------------+-----
Dodging        | 2 3 4 5 6 7 8 9 |  9.0
Fighting       | 4 5 6 7 9 11 12 14 | 14.8
Maces & Flails | 4 5 6 7 9 10 11 13 | 13.6
Armour         | |  2.1

Action                   |  1- 3 |  4- 6 |  7- 9 | 10-12 | 13-15 || total
-------------------------+-------+-------+-------+-------+-------++-------
Melee: Mace              |    83 |    90 |    11 |   167 |       ||   351
       Flail             |       |    53 |       |       |       ||    53
       Punch             |       |     1 |     2 |     7 |       ||    10
       Great mace        |       |    13 |   302 |   333 |       ||   648
       Giant spiked club |       |       |       |    43 |    28 ||    71
Throw: Dart              |     2 |       |    12 |    13 |       ||    27
       Boomerang         |       |       |    11 |     8 |       ||    19
       Throwing net      |       |       |       |     3 |       ||     3
Invok: Trog's Hand       |       |       |     4 |     5 |     1 ||    10
       Brothers in Arms  |       |       |       |     1 |     2 ||     3
Evoke: Wand              |       |       |     3 |     6 |       ||     9
  Use: Scroll            |       |     3 |     8 |    20 |       ||    31
       Potion            |       |       |     2 |    12 |     4 ||    18
 Stab: Sleeping          |       |       |       |     1 |       ||     1
       Petrified         |       |       |       |     2 |       ||     2
       Invisible         |       |       |       |       |     1 ||     1
Armor: Animal skin       |     2 |       |       |       |       ||     2
       Ring mail         |    36 |       |       |       |       ||    36
       Chain mail        |    20 |    80 |   240 |    87 |       ||   427
       Troll leather arm |       |       |       |   106 |     6 ||   112
Dodge: Dodged            |    78 |    89 |   236 |   341 |    14 ||   758
Block: Other             |       |    18 |    96 |   135 |    12 ||   261
       Reflection        |       |       |     2 |     4 |       ||     6
